AoeStats
← BulucChabtan4

Arabian Desert

509754494Analyzed
1v1 RM · 5d ago on Sep 27, 2026· 33m 58s· 2 players
Game mode
Random Map
Map size
Tiny (2 player)
Population
200
Speed
Normal
Resources
Standard
Victory
Conquest
Starting age
Dark Age
Ending age
Imperial Age
RankedLock teamsTeams togetherTeam positionsShared explorationLock speedFull tech treeHidden civsTurbo modeCheats
Victory
Defeat
🇲🇽 Saracens · Mexico
1323
+16
🇲🇽 Magyars · Mexico
1333
-16
mau_escalera
8:16 Loom
11:01 Feudal Age
11:29 Double-Bit Axe
11:09 Man-at-Arms
17:46 Fletching
22:06 Castle Age
20:05 Horse Collar
21:31 Padded Archer Armor
21:42 Forging
22:42 Crossbowman
23:53 Bodkin Arrow
24:56 Bloodlines
26:50 Bow Saw
28:55 Leather Archer Armor
29:52 Wheelbarrow
28:52 Elite Skirmisher
31:49 Ballistics
32:31 Town Watch
BulucChabtan4
6:15 Loom
9:25 Feudal Age
24:27 Castle Age
23:04 Padded Archer Armor
22:55 Fletching
24:04 Bloodlines
24:02 Fletching
24:30 Double-Bit Axe
24:35 Town Watch
28:05 Leather Archer Armor
30:53 Wheelbarrow
31:36 Bodkin Arrow
Connection lost

Rejoining the realm…

Still unreachable

The connection could not be restored.

Session expired

The server has moved on; the page needs a fresh start.